 Dungeon Crawl Stone Soup version 0.30-a0-782-ge64f9170bb (webtiles) character file.

Game seed: 9900786239720268920

17196 mopl the Covert (level 12, 0/81 HPs)
             Began as a Black Draconian Enchanter on Feb 17, 2023.
             Was an Elder of Dithmenos.
             Slain by a three-headed hydra (8 damage)
             ... on level 2 of the Lair of Beasts on Feb 22, 2023.
             The game lasted 00:31:26 (11661 turns).

mopl the Covert (Black Draconian Enchanter)        Turns: 11661, Time: 00:31:26

Health: 0/81       AC: 14    Str: 12    XL:     12   Next: 16%
Magic:  28/28      EV: 16    Int: 20    God:    Dithmenos [****..]
Gold:   532        SH:  5    Dex: 11    Spells: 7/21 levels left

rFire   . . .      SeeInvis .    X - +4 scimitar (flame)
rCold   . . .      Faith    .    v - +0 buckler
rNeg    . . .      Spirit   .    (body armour unavailable)
rPois   .          Reflect  .    B - +2 hat
rElec   +          Harm     .    J - +2 cloak {Stlth+}
rCorr   +          Rampage  .    y - +0 pair of gloves
Will    .....                    (no boots)
Stlth   +++++++                  O - amulet "Imun" {Acrobat rCorr}
HPRegen 0.33/turn                z - +5 ring of evasion
MPRegen 0.21/turn                s - ring of magical power

@: wreathed by umbra
A: breathe lightning, AC +8, unfitting armour, electricity resistance,
cold-blooded
a: Breathe Lightning, Renounce Religion, Shadow Step


You were on level 2 of the Lair of Beasts.
You worshipped Dithmenos.
Dithmenos was greatly pleased with you.
You visited 2 branches of the dungeon, and saw 12 of its levels.

You collected 628 gold pieces.
You spent 96 gold pieces at shops.

Inventory:

Hand Weapons
 a - a +0 dagger of venom
 H - a +1 vampiric dagger
 I - a +0 short sword of draining
 X - a +4 scimitar of flaming (weapon)
Missiles
 C - 10 boomerangs
 P - 18 poisoned darts
 S - 4 curare-tipped darts
Armour
 v - a +0 buckler (worn)
 y - a +0 pair of gloves (worn)
 B - a +2 hat (worn)
 J - a +2 cloak of stealth (worn)
Jewellery
 h - a ring of protection from fire
 s - a ring of magical power (right hand)
 z - a +5 ring of evasion (left hand)
 O - the amulet "Imun" (around neck) {Acrobat rCorr}
   (You found it on level 9 of the Dungeon)

   [amulet of the acrobat]

   It increases your evasion while moving and waiting.
   rCorr:     It protects you from acid and corrosion.
Wands
 t - a wand of mindburst (5)
 w - a wand of polymorph (27)
 K - a wand of flame (21)
 Q - a wand of roots (2)
 U - a wand of light (3)
Scrolls
 d - 5 scrolls of teleportation {unknown}
 e - 6 scrolls of noise {unknown}
 f - a scroll of silence {!r}
 l - a scroll of summoning {unknown}
 m - 2 scrolls of vulnerability {unknown}
 o - 2 scrolls of amnesia {unknown}
 p - a scroll of brand weapon {unknown}
 q - 2 scrolls of fear {unknown}
 r - 2 scrolls of magic mapping {unknown}
 u - 5 scrolls of blinking {unknown}
 x - 3 scrolls of immolation {unknown}
 A - a scroll of enchant armour {unknown}
 D - 2 scrolls of enchant weapon {unknown}
 F - 3 scrolls of fog {unknown}
 L - 4 scrolls of poison {unknown}
Potions
 b - 5 potions of invisibility
 c - 2 potions of might
 g - 6 potions of heal wounds
 i - 5 potions of haste
 j - 2 potions of berserk rage {!q}
 k - a potion of resistance
 n - 4 potions of curing
 E - 2 potions of lignification {!q}
 R - 4 potions of brilliance {unknown}
 W - a potion of flight
 Y - 8 potions of ambrosia


   Skills:
 + Level 7.9 Short Blades
 - Level 1.7 Dodging
 + Level 9.1 Stealth
 - Level 5.0 Shields
 - Level 5.0 Spellcasting
 - Level 3.0 Conjurations
 + Level 8.4 Hexes
 - Level 5.0 Air Magic
 - Level 3.0 Poison Magic
 + Level 7.2 Invocations
 + Level 7.9 Evocations


You had 7 spell levels left.
You knew the following spells:

 Your Spells              Type           Power      Damage    Failure   Level
a - Confusing Touch       Hex            38%        N/A       1%          3
b - Ensorcelled Hibernat  Hex/Ice        42%        N/A       4%          2
c - Mephitic Cloud        Conj/Pois/Air  19%        N/A       10%         3
d - Tukima's Dance        Hex            38%        N/A       1%          3
f - Dazzling Flash        Conj/Hex       54%        N/A       4%          3

Your spell library contained the following spells:

 Spells                   Type           Power      Damage    Failure   Level
 Magic Dart               Conj           68%        1d6       4%          1
 Vhi's Electric Charge    Tloc/Air       30%        N/A       16%         3
 Call Imp                 Summ           5%         N/A       22%         2
 Ozocubu's Armour         Ice            5%         N/A       41%         3
 Arcjolt                  Conj/Air       10%        1d20      61%         5
 Ozocubu's Refrigeration  Ice            2%         4d8       100%        7
 Maxwell's Capacitive Co  Air            12%        ∞         100%        8


Dungeon Overview and Level Annotations

Branches:
Dungeon (10/15)            Temple (0/1) D:4            Lair (2/5) D:10
    Orc (0/2) D:9
  Swamp: Lair:2-3    Shoals: Lair:2-3     Snake: Lair:2-3    Spider: Lair:2-3

Altars:
Cheibriados
Dithmenos
Fedhas
Ru
Vehumet

Shops:
D:6 [   D:8 *

Annotations:
D:8 exclusion: 2 doors


Innate Abilities, Weirdness & Mutations

You can breathe wild blasts of lightning.
Your glossy black scales are hard. (AC +8)
You cannot fit into any form of body armour.
You are resistant to electric shocks. (rElec)
You are cold-blooded and may be slowed by cold attacks.


Message History

The five-headed hydra closely misses you.
The five-headed hydra barely misses you.
The five-headed hydra misses you.
You block the five-headed hydra's attack.
You hit the five-headed hydra. You burn the five-headed hydra.
The five-headed hydra is heavily wounded.
The five-headed hydra bites you!
The five-headed hydra closely misses you.
The five-headed hydra bites you but does no damage.
The five-headed hydra closely misses you.
The five-headed hydra bites you.
You slice one of the five-headed hydra's heads off!
The flame cauterises the wound!
You slash the four-headed hydra! You burn the four-headed hydra.
The four-headed hydra is severely wounded.
The four-headed hydra bites you!
You block the four-headed hydra's attack. x2
The four-headed hydra bites you!
* * * LOW HITPOINT WARNING * * *
You are too injured to fight recklessly!
You hack one of the four-headed hydra's heads off!
The flame cauterises the wound!
You slash the three-headed hydra! You burn the three-headed hydra.
The three-headed hydra is severely wounded.
The three-headed hydra bites you but does no damage.
The three-headed hydra bites you.
* * * LOW HITPOINT WARNING * * *
The three-headed hydra bites you!
* * * LOW HITPOINT WARNING * * *
Aiming: Bolt of Light
Press: ? - help, Shift-Dir - straight line, f - three-headed hydra
Aim: a three-headed hydra (severely wounded, umbra, 91% to hit)
The bolt of light hits the three-headed hydra!
The three-headed hydra is almost dead.
The three-headed hydra is blinded.
The bolt of light hits the basilisk!
The basilisk is heavily wounded.
The basilisk is blinded.
The three-headed hydra closely misses you.
The three-headed hydra bites you!
You die...

......... ........#
........# ......... ..##
........## ...# ..
.........####...#.......
........#..##...#.......
.....lD@..........P....#
........................
.......................#
.......................#
.......................#
.......<................
.#............!..≈.≈....
................≈.≈#..P
......~~~......≈.≈....


You could see a three-headed hydra (blind) and a basilisk (wandering, blind).

Vanquished Creatures
  A boulder beetle (D:10)
  Sonja (D:10)
  A cyclops (D:10)
  A cane toad (Lair:1)
  A gargoyle (D:10)
  2 komodo dragons
  An efreet (D:10)
  A queen bee (D:10)
  2 trolls (D:10)
  2 hornets
  3 blink frogs (Lair:2)
  3 wyverns
  2 wraiths (D:10)
  38 yaks
  2 basilisks
  2 vampire mosquitoes (D:10)
  3 steam dragons
  3 water moccasins
  Duvessa (D:4)
  4 orc warriors
  A black bear (D:7)
  3 centaurs
  A kobold brigand (D:9)
  2 gnoll sergeants
  5 scorpions
  6 bullfrogs
  2 necrophages (D:4)
  Dowan (D:4)
  4 wights
  39 killer bees
  A howler monkey (D:9)
  3 hounds
  Crazy Yiuf (D:6)
  7 orc priests
  A jelly (D:6)
  Terence (D:3)
  4 iguanas
  15 orc wizards
  3 gnolls (D:6)
  8 adders
  A shadow imp (D:5)
  A white imp (D:5)
  4 worms
  2 dart slugs
  37 orcs
  7 endoplasms
  8 goblins
  5 hobgoblins
  4 jackals
  12 kobolds
  3 quokkas
  12 ball pythons
  5 bats
  3 frilled lizards
  4 rats
290 creatures vanquished.

Vanquished Creatures (collateral kills)
  A wraith (D:10)
  An orc warrior (D:8)
  2 ogres
  3 wights
  An orc (D:9)
8 creatures vanquished.

Vanquished Creatures (others)
  5 dancing weapons
  An orc wizard (D:10)
  2 fungi
  A plant (Lair:2)
9 creatures vanquished.

Grand Total: 307 creatures vanquished

Notes
Turn   | Place    | Note
-------+----------+-------------------------------------------
     0 | D:1      | mopl the Draconian Enchanter began the quest for the Orb.
     0 | D:1      | Reached XP level 1. HP: 14/14 MP: 3/3
   169 | D:1      | Reached XP level 2. HP: 14/20 MP: 5/5
   172 | D:1      | Learned a level 2 spell: Ensorcelled Hibernation
   367 | D:1      | Reached skill level 3 in Stealth
   367 | D:1      | Reached skill level 3 in Hexes
   688 | D:2      | Found a snail-covered altar of Cheibriados.
   949 | D:2      | Reached XP level 3. HP: 23/26 MP: 3/6
  1344 | D:3      | Learned a level 3 spell: Confusing Touch
  1554 | D:3      | Found a sacrificial altar of Ru.
  1568 | D:3      | Reached skill level 3 in Spellcasting
  1568 | D:3      | Reached XP level 4. HP: 24/33 MP: 4/8
  1779 | D:3      | Upgraded the game from 0.30-a0-779-g7971cf19c3 to
                  | 0.30-a0-782-ge64f9170bb
  1780 | D:3      | Found a faded altar of an unknown god.
  1921 | D:3      | Noticed Terence
  1935 | D:3      | Killed Terence
  1936 | D:3      | Reached XP level 5. HP: 22/38 MP: 4/9
  1941 | D:3      | Learned a level 3 spell: Tukima's Dance
  2233 | D:3      | Reached skill level 4 in Stealth
  2591 | D:4      | Reached skill level 4 in Hexes
  2662 | D:4      | Noticed an ogre
  2868 | D:4      | Noticed Duvessa
  2892 | D:4      | Noticed Dowan
  2908 | D:4      | Killed Duvessa
  2909 | D:4      | Reached skill level 1 in Shields
  2909 | D:4      | Reached XP level 6. HP: 29/45 MP: 10/11
  3212 | D:4      | Killed Dowan
  3323 | D:4      | Learned a level 3 spell: Dazzling Flash
  3437 | D:4      | Reached skill level 4 in Spellcasting
  3531 | D:4      | Reached skill level 2 in Shields
  3531 | D:4      | Reached skill level 1 in Evocations
  3531 | D:4      | Your scales start taking on a glossy black colour.
  3531 | D:4      | Reached XP level 7. HP: 24/50 MP: 13/13
  3531 | D:4      | Gained mutation: You are resistant to electric shocks.
                  | (rElec) [Black Draconian growth]
  3854 | D:4      | Found a staircase to the Ecumenical Temple.
  4076 | D:5      | Entered Level 5 of the Dungeon
  4163 | D:5      | Reached skill level 2 in Short Blades
  4521 | D:5      | Reached skill level 5 in Stealth
  4521 | D:5      | Reached skill level 2 in Evocations
  4998 | D:6      | Found a shadowy altar of Dithmenos.
  5024 | D:6      | Became a worshipper of Dithmenos the Shadowed
  5158 | D:6      | Reached skill level 3 in Shields
  5158 | D:6      | Reached XP level 8. HP: 50/57 MP: 14/14
  5187 | D:6      | Reached skill level 5 in Hexes
  5194 | D:6      | Reached skill level 3 in Short Blades
  5244 | D:6      | Found Lorulus's Antique Armour Boutique.
  5287 | D:6      | Reached skill level 5 in Spellcasting
  5287 | D:6      | Reached skill level 3 in Evocations
  5485 | D:6      | Learned a level 3 spell: Mephitic Cloud
  5722 | D:6      | Reached skill level 1 in Air Magic
  5817 | D:6      | Found a runed translucent door.
  5818 | D:6      | Noticed Crazy Yiuf
  5829 | D:6      | Killed Crazy Yiuf
  5881 | D:7      | Reached skill level 1 in Conjurations
  5976 | D:7      | Reached skill level 4 in Shields
  5995 | D:7      | Reached * piety under Dithmenos
  6063 | D:7      | Reached XP level 9. HP: 60/62 MP: 16/16
  6086 | D:7      | Reached skill level 2 in Air Magic
  6088 | D:7      | Reached skill level 6 in Stealth
  6134 | D:7      | Reached skill level 4 in Short Blades
  6167 | D:7      | Reached skill level 2 in Conjurations
  6201 | D:7      | Reached skill level 4 in Evocations
  6300 | D:7      | Reached skill level 1 in Invocations
  6644 | D:8      | Noticed a rime drake
  6644 | D:8      | Found the +4 skin of Zhor {*Englaciate rC+++ SInv}
  6645 | D:8      | Noticed a rime drake
  6647 | D:8      | Noticed a rime drake
  6784 | D:8      | Reached skill level 3 in Air Magic
  6913 | D:8      | Noticed a rime drake
  6962 | D:8      | Noticed a rime drake
  7259 | D:8      | Found Uletz's Assorted Antiques.
  7262 | D:8      | Bought a scroll labelled LOUGAO KOSHO for 32 gold pieces
  7262 | D:8      | Bought a scroll of identify for 64 gold pieces
  7412 | D:8      | Reached skill level 2 in Invocations
  7423 | D:8      | Reached skill level 6 in Hexes
  7609 | D:9      | Reached skill level 3 in Conjurations
  7647 | D:9      | Found a staircase to the Orcish Mines.
  7671 | D:9      | Identified the amulet "Imun" {Acrobat rCorr}
  7733 | D:9      | Reached ** piety under Dithmenos
  7812 | D:9      | Reached skill level 5 in Shields
  7954 | D:9      | Reached skill level 1 in Poison Magic
  7954 | D:9      | Reached XP level 10. HP: 55/69 MP: 16/17
  7983 | D:9      | Reached skill level 5 in Short Blades
  7983 | D:9      | Reached skill level 3 in Invocations
  8152 | D:9      | Reached skill level 5 in Evocations
  8307 | D:9      | Reached skill level 7 in Stealth
  8310 | D:9      | Reached skill level 2 in Poison Magic
  8667 | D:10     | Entered Level 10 of the Dungeon
  8694 | D:10     | Reached skill level 4 in Invocations
  8771 | D:10     | Noticed a boulder beetle
  8819 | D:10     | Reached skill level 3 in Poison Magic
  8832 | D:10     | Noticed Sonja
  8845 | D:10     | Killed Sonja
  8846 | D:10     | Reached skill level 6 in Short Blades
  8846 | D:10     | Reached skill level 7 in Hexes
  8846 | D:10     | Reached skill level 6 in Evocations
  8997 | D:10     | Reached skill level 5 in Invocations
  9000 | D:10     | Reached XP level 11. HP: 54/74 MP: 17/18
  9013 | D:10     | Reached *** piety under Dithmenos
  9014 | D:10     | Reached skill level 4 in Air Magic
  9466 | D:10     | Killed a boulder beetle
  9467 | D:10     | Reached skill level 8 in Stealth
  9517 | D:10     | Found a staircase to the Lair.
  9857 | D:10     | Found a radiant altar of Vehumet.
  9858 | D:10     | Found a blossoming altar of Fedhas.
  9930 | D:10     | Reached skill level 5 in Air Magic
 10103 | D:10     | Reached skill level 6 in Invocations
 10202 | D:10     | Reached skill level 7 in Short Blades
 10211 | D:10     | Reached skill level 7 in Evocations
 10368 | Lair:1   | Entered Level 1 of the Lair of Beasts
 10643 | D:10     | Reached skill level 8 in Hexes
 10739 | Lair:1   | Identified the +1 pair of gloves of Wenguydevu {Harm rPois
                  | rF-}
 10810 | Lair:1   | Reached **** piety under Dithmenos
 10930 | Lair:1   | Reached XP level 12. HP: 75/81 MP: 19/19
 10934 | Lair:1   | Reached skill level 7 in Invocations
 11356 | Lair:2   | Identified the +1 sling of Neanli {drain, Fly rElec}
 11377 | Lair:2   | Reached skill level 9 in Stealth
 11648 | Lair:2   | Noticed a seven-headed hydra
 11661 | Lair:2   | Slain by a three-headed hydra

Illustrated notes

Levels and vault maps discovered:
D:1:      lemuel_arrival_lava_pool, layout_loops_ring,
          nicolae_concentric_dashed_squares_mild
D:2:      layout_loops_cross, basic_altar
D:3:      layout_loops_corners, nicolae_ru_great_annihilating_truth,
          ebering_ecumenical_altar_sacrificial, nicolae_eternal_life,
          corner_web_ring, uniq_terence
D:4:      layout_basic, minmay_temple_entry_from_below_a,
          chequers_serial_rivers_small_a, uniq_duvessa
D:5:      layout_gridville, nicolae_figureground_pulse
D:6:      layout_loops_ring, mainiacjoe_overflow_cross_hatched, serial_shops,
          nicolae_shop_crystal, uniq_crazy_yiuf_cottage
D:7:      layout_basic, minivault_10
D:8:      layout_basic, serial_shops, nicolae_shop_window_shopping,
          hellmonk_guarded_unrand_zhor
D:9:      layout_basic, orc_0_dummy
D:10:     minmay_ornate_pinched, layout_loops_cross,
          nicolae_overflow_hidden_temple, special_room [special_room_bee],
          uniq_sonja
Lair:1:   layout_cellular_growth, lemuel_fruit_tree, grunt_megastairs_1
Lair:2:   layout_gridlike, serial_rivers, chequers_serial_rivers_micro_d,
          chequers_serial_rivers_small_a, chequers_serial_rivers_small_3,
          chequers_serial_rivers_micro_a, uniq_amaemon, uniq_gastronok

Skill      XL: |  1  2  3  4  5  6  7  8  9 10 11 12 |
---------------+-------------------------------------+-----
Stealth        | 3 4 5 6 7 8 9 |  9.1
Hexes          | 3 4 5 6 7 8 |  8.4
Spellcasting   | 3 4 5 |  5.0
Shields        | 1 2 3 4 5 |  5.0
Evocations     | 1 2 3 4 6 7 |  7.9
Short Blades   | 2 3 4 6 7 |  7.9
Air Magic      | 1 3 5 |  5.0
Conjurations   | 1 3 |  3.0
Invocations    | 2 5 6 7 |  7.2
Poison Magic   | 1 3 |  3.0
Dodging        | |  1.7

Action                     |  1- 3 |  4- 6 |  7- 9 | 10-12 || total
---------------------------+-------+-------+-------+-------++-------
  Melee: Dagger            |   150 |   125 |   365 |   263 ||   903
         Tailslap          |    18 |    25 |    49 |    30 ||   122
         Unarmed           |       |    18 |       |       ||    18
         Scimitar          |       |       |       |     7 ||     7
  Throw: Dart              |       |       |       |     5 ||     5
   Cast: Ensorcelled Hiber |    10 |    29 |    84 |   165 ||   288
         Confusing Touch   |       |     4 |     6 |    10 ||    20
         Tukima's Dance    |       |     5 |    19 |     4 ||    28
Ability: Breathe Lightning |       |       |     6 |     9 ||    15
  Evoke: Wand              |       |       |       |     3 ||     3
    Use: Scroll            |       |       |    10 |     2 ||    12
   Stab: Sleeping          |    10 |    18 |    53 |    91 ||   172
         Confused          |       |     4 |     3 |    13 ||    20
         Paralysed         |       |     1 |       |       ||     1
 Armour: Skin              |    51 |    40 |    86 |    76 ||   253
  Dodge: Dodged            |    87 |    56 |   276 |   246 ||   665
  Block: Buckler           |       |     7 |    71 |    63 ||   141

Table legend: (Time is in decaauts)
 A = Elapsed time spent in this place.
 B = Non-inter-level travel time spent in this place.
 C = Inter-level travel time spent in this place.
 D = Time resting spent in this place.
 E = Time spent auto-exploring this place.
 F = Levels seen in this place.
 G = Mean time per level.
                   A        B        C        D        E       F      G
               +--------+--------+--------+--------+--------+-----+--------+
         Total |  11565 |  11245 |    320 |   2152 |   6020 |  12 |  963.8 |
       Dungeon |  10461 |  10165 |    296 |   1974 |   5463 |  10 | 1046.1 |
          Lair |   1104 |   1081 |     23 |    178 |    557 |   2 |  552.0 |
               +--------+--------+--------+--------+--------+-----+--------+

Top non-repeatable levels by time:
    D:10: 1846 daAuts
     D:3: 1476 daAuts
     D:4: 1376 daAuts
     D:9: 1051 daAuts
  Lair:1: 922 daAuts
     D:6: 893 daAuts
     D:7: 879 daAuts
     D:8: 822 daAuts
     D:5: 780 daAuts
     D:1: 680 daAuts
     D:2: 652 daAuts
  Lair:2: 182 daAuts
